 Dungeon Crawl Stone Soup version 0.23-a0-480-g1869896531 (webtiles) character file.

79 LostNumber the Caller (level 4, -2/33 HPs)
             Began as a Mummy Summoner on Nov 29, 2018.
             Slain by a kobold
             ... wielding a +0 short sword
              (5 damage)
             ... on level 3 of the Dungeon.
             The game lasted 00:03:03 (2041 turns).

LostNumber the Caller (Mummy Summoner)              Turns: 2041, Time: 00:03:03

Health: -2/33      AC:  5    Str: 11    XL:     4   Next: 17%
Magic:  5/9        EV: 10    Int: 15    God:
Gold:   102        SH:  0    Dex: 12    Spells: 7/10 levels left

rFire    . . .     SeeInvis .   c - +0 dagger
rCold    + . .     Gourm    .   (no shield)
rNeg     + + +     Faith    .   e - +0 ring mail
rPois    ∞         Spirit   .   (no helmet)
rElec    .         Reflect  .   (no cloak)
rCorr    .         Harm     .   (no gloves)
MR       .....                  (no boots)
Stlth    +.........             (no amulet)
HPRegen  0.11/turn              b - ring of protection from fire
MPRegen  0.11/turn              (no ring)

@: no status effects
A: no food or potions, fire vulnerability, cold resistance 1, negative energy
resistance 3, torment resistance, unbreathing
a: no special abilities


You were on level 3 of the Dungeon.
You were not hungry.

You visited 1 branch of the dungeon, and saw 3 of its levels.

You collected 102 gold pieces.

Inventory:

Hand Weapons
 c - a +0 dagger (weapon)
Armour
 a - a +0 robe
 e - a +0 ring mail (worn)
Jewellery
 b - a ring of protection from fire (left hand)
Scrolls
 d - a scroll of teleportation {unknown}
 f - a scroll of immolation {unknown}
 g - a scroll of amnesia {unknown}
 h - a scroll of identify {unknown}
 i - a scroll of noise {unknown}
 j - a scroll of enchant weapon {unknown}


   Skills:
 + Level 1.7 Fighting
 - Level 1.5 Dodging
 - Level 1.5 Stealth
 + Level 3.6 Spellcasting
 * Level 4.0 Summonings


You had 7 spell levels left.
You knew the following spells:

 Your Spells              Type           Power        Failure   Level  Hunger
a - Summon Small Mammal   Summ           ##..         9%          1    N/A
b - Call Imp              Summ           ##......     13%         2    N/A

Your spell library contained the following spells:

 Spells                   Type           Power        Failure   Level  Hunger
 Call Canine Familiar     Summ           ##......     26%         3    N/A
 Summon Guardian Golem    Hex/Summ       #.......     52%         3    N/A
 Summon Ice Beast         Ice/Summ       #.......     89%         4    N/A
 Summon Lightning Spire   Summ/Air       #.......     89%         4    N/A

Dungeon Overview and Level Annotations

Branches:
Dungeon (3/15)

Altars:
Nemelex Xobeh
Xom
The Shining One


Innate Abilities, Weirdness & Mutations

You do not eat or drink.
Your flesh is vulnerable to fire.
You are immune to poison.
Your flesh is cold resistant. (rC+)
You are immune to negative energy. (rN+++)
You are immune to unholy pain and torment.
You can survive without breathing.


Message History

The kobold misses you.
The orc priest invokes the aid of Beogh against you.
Beogh smites you! The kobold closely misses you.
Your crimson imp barely misses the goblin.
Your shadow imp closely misses the orc.
You hit the orc.
You kill the orc!
The goblin completely misses you. The kobold barely misses you.
The kobold misses you.
Your crimson imp closely misses the goblin.
Unknown command.
You can't go down here!
The goblin barely misses you.
The orc priest calls down the wrath of Beogh upon you.
Beogh smites you!
Ouch! That really hurt!
* * * LOW HITPOINT WARNING * * *
The kobold barely misses you.
The kobold hits you with a +0 short sword.
You die...

#### ....
#####..#
##......#
........###
#..r.K5..###.#
#K@g.....#
#.5..###.#
#.o### ....
##.## .. #. #.


You could see an orc priest, a goblin, 2 kobolds, a rat, a friendly crimson imp
and a friendly shadow imp.

Vanquished Creatures
  2 adders (D:2)
  2 orcs
  2 jackals (D:2)
  2 quokkas (D:2)
  A goblin (D:1)
  2 kobolds
  2 rats (D:2)
13 creatures vanquished.

Vanquished Creatures (collateral kills)
  An orc wizard (D:2)
  An iguana (D:2)
  2 adders
  A worm (D:2)
  A dart slug (D:1)
  An orc (D:2)
  A giant cockroach (D:2)
  2 hobgoblins
  2 jackals
  A kobold (D:1)
  2 bats (D:2)
15 creatures vanquished.

Grand Total: 28 creatures vanquished

Notes
Turn   | Place    | Note
-------+----------+-------------------------------------------
     0 | D:1      | LostNumber the Mummy Summoner began the quest for the Orb.
     0 | D:1      | Reached XP level 1. HP: 13/13 MP: 4/4
   752 | D:2      | Found a shimmering altar of Xom.
  1109 | D:2      | Reached XP level 2. HP: 20/20 MP: 5/5
  1118 | D:1      | Learned a level 2 spell: Call Imp
  1200 | D:2      | Reached skill level 1 in Fighting
  1243 | D:2      | Reached XP level 3. HP: 19/26 MP: 4/7
  1670 | D:2      | Reached skill level 4 in Summonings
  1692 | D:2      | Reached XP level 4. HP: 15/33 MP: 3/9
  1935 | D:2      | Found a sparkling altar of Nemelex Xobeh.
  1954 | D:2      | Found a glowing golden altar of the Shining One.
  2041 | D:3      | Slain by a kobold

Vault maps used:
D:1:      tarquinn_simple_flora_water_b, nrook_mini_vaults, dk_noncrumbling_4
D:2:      overflow_temple_1_default, nicolae_tso_swordbearing_angel,
          nemelex_diamond_rough_becter
D:3:      cheibrodos_old_hovel, trog_eyes_of_draining, gup_sewer_entry_pipe

Skill      XL: |  1  2  3 |
---------------+----------+-----
Spellcasting   | 3 |  3.6
Fighting       | 1 |  1.7
Summonings     | 4 |  4.0
Dodging        | |  1.5
Stealth        | |  1.5

Action                   |  1- 3 |  4- 6 || total
-------------------------+-------+-------++-------
Melee: Dagger            |    91 |     8 ||    99
 Cast: Summon Small Mamm |    14 |       ||    14
       Call Imp          |    14 |     3 ||    17
 Stab: Sleeping          |     1 |       ||     1
       Distracted        |     1 |       ||     1
Armor: Ring mail         |    40 |     6 ||    46
Dodge: Dodged            |    62 |    16 ||    78

Table legend:
 A = Non-vault XP
 B = Vault XP
 C = Vault XP percentage of total XP
 D = Non-vault monster count
 E = Vault monster count
 F = Vault count percentage of total count
                 A         B        C        D         E       F
            +---------+---------+-------+---------+---------+-------
      Total |     114 |       0 |   0.0 |      28 |       0 |   0.0
            +---------+---------+-------+---------+---------+-------
        D:1 |      16 |       0 |   0.0 |       7 |       0 |   0.0
        D:2 |      96 |       0 |   0.0 |      20 |       0 |   0.0
        D:3 |       2 |       0 |   0.0 |       1 |       0 |   0.0
            +---------+---------+-------+---------+---------+-------
